 Dungeon Sprint DCSS version 0.17-a0-1648-g0a089d4 (webtiles) character file.

44691 Kidiri the Imperceptible (level 13, -3/55 HPs)
             Began as a Spriggan Enchanter on Aug 12, 2015.
             Was the Champion of Dithmenos.
             Killed by a malign offering
             ... invoked by a deep elf priest
              (11 damage)
             ... in the Dungeon (Sprint III: "The Ten Rune Challenge").
             The game lasted 00:22:45 (4087 turns).

Kidiri the Imperceptible (Spriggan Enchanter)       Turns: 4087, Time: 00:22:45

Health: -3/55      AC:  5    Str:  4    XL:     13   Next: 27%
Magic:  0/38       EV: 36    Int: 19    God:    Dithmenos [******]
Gold:   5030       SH:  0    Dex: 19    Spells: 9 memorised, 6 levels left

rFire  . . .     SeeInvis +     a - +1 dagger
rCold  . . .     Clarity  .     k - +1 robe {rN+}
rNeg   + . .     SustAt   .     (shield restricted)
rPois  .         Gourm    .     u - +2 hat
rElec  .         Spirit   .     (no cloak)
rCorr  .         Warding  .     (gloves unavailable)
rMut   .         NoTele   +     (boots unavailable)
MR     ++...                    (no amulet)
Stlth  ++++++++++               (no ring)
                                (no ring)

@: wreathed by umbra, very quick, very resistant to hostile enchantments,
uncannily stealthy
A: unfitting armour, molten scales 1, see invisible, deformed body, herbivore 3,
speed 3, high mp 1, slow metabolism 2, spit poison 1, subdued magic 1
a: Spit Poison, Shadow Step, Shadow Form, Renounce Religion
}: 1/10 runes: barnacled


You were in the Dungeon.
You worshipped Dithmenos.
Dithmenos was exalted by your worship.
You were not hungry.

You visited 1 branch You collected 5044 gold pieces.
You spent 14 gold pieces at shops.

Inventory:

Hand weapons
 a - a +1 dagger (weapon)
Armour
 b - a +1 robe of fire resistance
 k - a +1 robe of positive energy (worn)
 u - a +2 hat (worn)
Scrolls
 j - 2 scrolls of blinking
 m - a scroll of torment
 o - a scroll of remove curse {unknown}
 q - 2 scrolls of immolation {unknown}
 r - a scroll of enchant weapon {unknown}
Potions
 g - 2 potions of haste
 h - 2 potions of magic
 i - a potion of berserk rage
 l - a potion of brilliance {unknown}
 n - a potion of heal wounds
 p - 5 potions of cure mutation
 t - 2 potions of flight
Comestibles
 c - 6 fruits
 d - a bread ration
 s - 25 royal jellies


   Skills:
 + Level 11.7 Short Blades
 * Level 19.9 Dodging
 * Level 21.2 Stealth
 * Level 17.1 Spellcasting
 + Level 8.1 Conjurations
 + Level 13.1 Hexes
 + Level 4.0 Summonings
 + Level 13.4 Translocations
 + Level 9.0 Ice Magic
 + Level 10.0 Invocations


You had 6 spell levels left.
You knew the following spells:

 Your Spells              Type           Power        Failure   Level  Hunger
a - Corona                Hex            #####..      0%          1    None
b - Ensorcelled Hibernat  Hex/Ice        #####.       0%          2    None
c - Confuse               Hex            #####...     0%          3    None
d - Tukima's Dance        Hex            #####...     0%          3    None
e - Dazzling Spray        Conj/Hex       #####...     1%          3    None
f - Dispersal             Tloc           #####.....   1%          6    #####..
g - Controlled Blink      Tloc           N/A          7%          7    ######.
h - Malign Gateway        Summ/Tloc      ####......   69%         7    ######.
i - Disjunction           Tloc           #####.....   80%         8    #######


Dungeon Overview and Level Annotations

Branches:
Dungeon (1/1)

Altars:
Cheibriados
Dithmenos
Elyvilon
Fedhas
Gozag
Kikubaaqudgha
Makhleb
Nemelex Xobeh
Okawaru
Qazlal
Ru
Sif Muna
Trog
Vehumet
Xom
Yredelemnul
Zin
The Shining One
Jiyva
Lugonu

Shops:
D !}[[[!

Annotations:
D Duvessa


Innate Abilities, Weirdness & Mutations

You are tiny and cannot use many weapons and most armour.
You have supernaturally acute eyesight.
You are a herbivore.
You cover ground extremely quickly.
You need consume almost no food.
You are partially covered in molten scales (AC +1).
Armour fits poorly on your strangely shaped body.
You have an increased reservoir of magic (+10% MP).
You can spit weak poison.
Your spells are a little easier to cast, but a little less powerful.


Message History

The deep elf priest is dazzled.
The spray of energy misses the deep elf priest.
The deep elf priest closely misses you.
Unknown command.
Casting: Dazzling Spray
Confirm with . or Enter, or press ? or * to list all spells.
Aiming: Dazzling Spray
Press: ? - help, Shift-Dir - straight line, f - deep elf priest, p - deep elf priest
Aim: a deep elf priest, wielding a short sword and wearing a leather armour (black smoke, moderately wounded, umbra)
The spray of energy hits the deep elf priest.
The deep elf priest is heavily wounded.
The deep elf priest is dazzled.
The spray of energy hits the deep elf priest.
You kill the deep elf priest!
Dithmenos accepts your kill.
Your Ice Magic skill increases to level 9!
Your Invocations skill increases to level 10!
The deep elf priest utters a dark prayer and points at you.
Your life force is offered up.
You die...

▓▓▓▓▓▓ ##########..#.###########
#__[#__#....##§§§e§§#...#
#..)#._#(.))..§§@##§#...##≈
#+###+##[)))..§§§##§#...≈≈≈
.......#)))).§..§.#e#...##≈
.......#...[##.§###§'...#
######'#..#....## #######
#__#...#'########################
#__#...#.§≈§≈'.#.'...'.#.#.#.'...
#__#...#.#≈§≈#.#.#.).##.#.#.##...
#__#...'.#.§§#.#.#)..#.#.#.#.#...


You could see a deep elf priest (blind).

Vanquished Creatures
  Rupert (D)
  Polyphemus (D)
  Gastronok (D)
  Dowan (D)
  Ilsuiw (D)
  Maud (D)
  2 dire elephants (D)
  A merfolk javelineer (D)
  2 hydras (D)
  Erica (D)
  A centaur warrior (D)
  4 death yaks (D)
  2 orc high priests (D)
  A deep elf knight (D)
  An unseen horror (D)
  3 death drakes (D)
  A sea snake (D)
  A spriggan druid (D)
  2 deep elf conjurers (D)
  A lindwurm (D)
  2 black mambas (D)
  2 elephants (D)
  2 spiny frogs (D)
  A komodo dragon (D)
  A fire drake (D)
  2 deep elf priests (D)
  A queen bee (D)
  3 wandering mushrooms (D)
  8 blink frogs (D)
  3 redbacks (D)
  2 spriggans (D)
  A shadow (D)
  A spatial vortex (D)
  4 orc warriors (D)
  A swamp drake (D)
  A necrophage (D)
  2 centaurs (D)
  2 brain worms (D)
  An earth elemental (D)
  A water elemental (D)
  32 killer bees (D)
  2 orc priests (D)
  A jelly (D)
  Jessica (D)
  An orc wizard (D)
  A wizard (D)
  A necromancer (D)
  A wolf (D)
  3 humans (D)
  3 sheep (D)
  A kobold demonologist (D)
  An ooze (D)
  8 orcs (D)
  A kobold (D)
  2 rats (D)
  A plant (D)
130 creatures vanquished.

Vanquished Creatures (others)
  2 draconian scorchers (D)
  A dancing weapon (D)
  3 yaktaurs (D)
  An electric eel (D)
  An ooze (shapeshifter) (D)
  2 bushes (D)
  7 plants (D)
17 creatures vanquished.

Grand Total: 147 creatures vanquished

Notes
Turn   | Place    | Note
--------------------------------------------------------------
     0 | D        | Kidiri the Spriggan Enchanter began the quest for the Orb.
     0 | D        | Reached XP level 1. HP: 9/9 MP: 5/5
    19 | D        | Reached skill level 5 in Stealth
    87 | D        | Killed a yaktaur
   124 | D        | Noticed Jessica
   128 | D        | Killed Jessica
   128 | D        | Reached skill level 5 in Dodging
   128 | D        | Reached skill level 6 in Stealth
   128 | D        | Reached XP level 2. HP: 13/13 MP: 6/8
   128 | D        | Reached XP level 3. HP: 16/16 MP: 6/9
   132 | D        | Learned a level 2 spell: Ensorcelled Hibernation
   136 | D        | Learned a level 3 spell: Confuse
   140 | D        | Learned a level 3 spell: Tukima's Dance
   233 | D        | Killed a white draconian scorcher
   243 | D        | Noticed a wolf
   294 | D        | Reached skill level 7 in Stealth
   297 | D        | Killed a white draconian scorcher
   464 | D        | Killed a wolf
   464 | D        | Reached skill level 5 in Spellcasting
   464 | D        | Reached XP level 4. HP: 21/21 MP: 12/12
   480 | D        | Gained mutation: You can spit weak poison. [potion of mutation]
   480 | D        | Gained mutation: Armour fits poorly on your strangely shaped body. [potion of mutation]
   481 | D        | Gained mutation: Your spells are a little easier to cast, but a little less powerful. [potion of mutation]
   481 | D        | Gained mutation: You are partially covered in molten scales (AC +1). [potion of mutation]
   481 | D        | Gained mutation: You have an increased reservoir of magic (+10% MP). [potion of mutation]
   486 | D        | Learned a level 3 spell: Dazzling Spray
   492 | D        | Noticed a water elemental
   495 | D        | Killed a water elemental
   495 | D        | Reached skill level 8 in Stealth
   495 | D        | Reached skill level 5 in Hexes
   495 | D        | Reached skill level 1 in Ice Magic
   539 | D        | Noticed a jelly
   540 | D        | Noticed a shadow
   542 | D        | Killed a shadow
   542 | D        | Reached skill level 9 in Dodging
   542 | D        | Reached skill level 10 in Stealth
   542 | D        | Reached XP level 5. HP: 24/24 MP: 15/17
   542 | D        | Reached XP level 6. HP: 28/28 MP: 15/18
   545 | D        | Killed a jelly
   553 | D        | Found a stormy altar of Qazlal.
   553 | D        | Noticed a spatial vortex
   561 | D        | Found a sacrificial altar of Ru.
   561 | D        | Found a burning altar of Makhleb.
   561 | D        | Found a viscous altar of Jiyva.
   561 | D        | Found a shimmering altar of Xom.
   561 | D        | Found a shadowy altar of Dithmenos.
   561 | D        | Found a sparkling altar of Nemelex Xobeh.
   561 | D        | Found a corrupted altar of Lugonu.
   561 | D        | Found an opulent altar of Gozag.
   562 | D        | Killed a spatial vortex
   562 | D        | Reached skill level 5 in Short Blades
   562 | D        | Reached skill level 10 in Dodging
   562 | D        | Reached skill level 11 in Stealth
   566 | D        | Became a worshipper of Dithmenos the Shadowed
   591 | D        | Found a radiant altar of Vehumet.
   592 | D        | Found a deep blue altar of Sif Muna.
   592 | D        | Found an ancient bone altar of Kikubaaqudgha.
   592 | D        | Noticed a wizard
   593 | D        | Killed a wizard
   608 | D        | Learned a level 6 spell: Dispersal
   622 | D        | Found a glowing silver altar of Zin.
   623 | D        | Found a glowing golden altar of the Shining One.
   623 | D        | Found a white marble altar of Elyvilon.
   623 | D        | Noticed a deep elf priest
   625 | D        | Killed a deep elf priest
   625 | D        | Reached skill level 1 in Invocations
   625 | D        | Reached XP level 7. HP: 32/32 MP: 22/22
   637 | D        | Found an iron altar of Okawaru.
   638 | D        | Found a bloodstained altar of Trog.
   638 | D        | Noticed a human
   638 | D        | Noticed a human
   645 | D        | Killed a human
   645 | D        | Reached skill level 12 in Stealth
   656 | D        | Killed a human
   656 | D        | Acquired Dithmenos's first power
   824 | D        | Found a snail-covered altar of Cheibriados.
   824 | D        | Noticed a necrophage
   825 | D        | Found a basalt altar of Yredelemnul.
   825 | D        | Found a blossoming altar of Fedhas.
   825 | D        | Noticed a necromancer
   826 | D        | Killed a necrophage
   826 | D        | Reached XP level 8. HP: 36/36 MP: 22/24
   827 | D        | Killed a necromancer
   836 | D        | Learned a level 7 spell: Controlled Blink
   878 | D        | Noticed Erica
   881 | D        | Killed Erica
   881 | D        | Reached skill level 13 in Stealth
   881 | D        | Reached skill level 10 in Spellcasting
   881 | D        | Reached skill level 5 in Translocations
   890 | D        | Noticed an earth elemental
   893 | D        | Killed an earth elemental
   898 | D        | Noticed a centaur
   898 | D        | Noticed a centaur warrior
   898 | D        | Noticed a centaur
   900 | D        | Killed a centaur
   900 | D        | Acquired Dithmenos's second power
   906 | D        | Killed a centaur
   913 | D        | Killed a centaur warrior
   913 | D        | Reached skill level 14 in Stealth
   913 | D        | Reached skill level 5 in Ice Magic
   913 | D        | Reached XP level 9. HP: 20/39 MP: 18/27
  1108 | D        | Noticed an unseen horror
  1115 | D        | Killed an unseen horror
  1308 | D        | Noticed a killer bee
  1308 | D        | Noticed a killer bee
  1308 | D        | Noticed a killer bee
  1308 | D        | Noticed a killer bee
  1308 | D        | Noticed a killer bee
  1308 | D        | Noticed a killer bee
  1308 | D        | Noticed a killer bee
  1308 | D        | Noticed a killer bee
  1308 | D        | Noticed a killer bee
  1308 | D        | Noticed a killer bee
  1308 | D        | Noticed a killer bee
  1308 | D        | Noticed a killer bee
  1308 | D        | Noticed a killer bee
  1308 | D        | Noticed a killer bee
  1308 | D        | Noticed a killer bee
  1309 | D        | Noticed a killer bee
  1309 | D        | Noticed a killer bee
  1309 | D        | Noticed a killer bee
  1309 | D        | Noticed a killer bee
  1309 | D        | Noticed a queen bee
  1309 | D        | Noticed a killer bee
  1309 | D        | Noticed a killer bee
  1309 | D        | Noticed a killer bee
  1309 | D        | Noticed a killer bee
  1309 | D        | Noticed a killer bee
  1309 | D        | Noticed a killer bee
  1309 | D        | Noticed a killer bee
  1309 | D        | Noticed a killer bee
  1309 | D        | Noticed a killer bee
  1309 | D        | Noticed a killer bee
  1309 | D        | Noticed a killer bee
  1309 | D        | Noticed a killer bee
  1309 | D        | Noticed a killer bee
  1313 | D        | Killed a killer bee
  1316 | D        | Killed a killer bee
  1316 | D        | Acquired Dithmenos's third power
  1316 | D        | Reached skill level 5 in Invocations
  1318 | D        | Killed a killer bee
  1320 | D        | Killed a killer bee
  1324 | D        | Killed a killer bee
  1324 | D        | Reached skill level 15 in Stealth
  1326 | D        | Killed a killer bee
  1328 | D        | Killed a killer bee
  1328 | D        | Acquired Dithmenos's fourth power
  1330 | D        | Killed a killer bee
  1333 | D        | Killed a killer bee
  1335 | D        | Killed a killer bee
  1337 | D        | Killed a queen bee
  1363 | D        | Killed a killer bee
  1495 | D        | Killed a killer bee
  1498 | D        | Killed a killer bee
  1501 | D        | Killed a killer bee
  1501 | D        | Reached XP level 10. HP: 44/44 MP: 20/29
  1503 | D        | Killed a killer bee
  1505 | D        | Killed a killer bee
  1507 | D        | Killed a killer bee
  1509 | D        | Killed a killer bee
  1509 | D        | Reached skill level 5 in Conjurations
  1512 | D        | Killed a killer bee
  1514 | D        | Killed a killer bee
  1516 | D        | Killed a killer bee
  1519 | D        | Killed a killer bee
  1540 | D        | Killed a killer bee
  1764 | D        | Killed a killer bee
  1767 | D        | Killed a killer bee
  1770 | D        | Killed a killer bee
  1773 | D        | Killed a killer bee
  1775 | D        | Killed a killer bee
  1778 | D        | Killed a killer bee
  1780 | D        | Killed a killer bee
  1784 | D        | Killed a killer bee
  1787 | D        | Killed a killer bee
  2003 | D        | Killed a yaktaur
  2154 | D        | Noticed Dowan
  2154 | D        | Noticed Duvessa
  2158 | D        | Killed Dowan
  2158 | D        | Reached skill level 15 in Dodging
  2158 | D        | Reached skill level 16 in Stealth
  2158 | D        | Reached skill level 10 in Hexes
  2173 | D        | Learned a level 7 spell: Malign Gateway
  2312 | D        | Noticed a wandering mushroom
  2313 | D        | Noticed a wandering mushroom
  2313 | D        | Noticed a wandering mushroom
  2314 | D        | Killed a wandering mushroom
  2316 | D        | Killed a wandering mushroom
  2317 | D        | Killed a wandering mushroom
  2351 | D        | Noticed a spiny frog
  2351 | D        | Noticed a komodo dragon
  2351 | D        | Noticed a spiny frog
  2355 | D        | Killed a spiny frog
  2361 | D        | Killed a spiny frog
  2365 | D        | Killed a komodo dragon
  2512 | D        | Noticed a redback
  2514 | D        | Killed a redback
  2515 | D        | Noticed a brain worm
  2518 | D        | Killed a brain worm
  2518 | D        | Reached XP level 11. HP: 47/47 MP: 32/32
  2524 | D        | Noticed a brain worm
  2526 | D        | Killed a brain worm
  2532 | D        | Noticed a lindwurm
  2536 | D        | Killed a lindwurm
  2536 | D        | Reached skill level 17 in Stealth
  2537 | D        | Noticed a redback
  2540 | D        | Killed a redback
  2557 | D        | Noticed a redback
  2558 | D        | Noticed Maud
  2560 | D        | Killed Maud
  2560 | D        | Reached skill level 10 in Translocations
  2563 | D        | Killed a redback
  2620 | D        | Noticed a swamp drake
  2620 | D        | Noticed a fire drake
  2621 | D        | Killed a fire drake
  2623 | D        | Killed a swamp drake
  2630 | D        | Noticed a blink frog
  2631 | D        | Noticed a blink frog
  2631 | D        | Noticed a blink frog
  2631 | D        | Noticed a blink frog
  2631 | D        | Noticed a blink frog
  2635 | D        | Killed a blink frog
  2640 | D        | Killed a blink frog
  2641 | D        | Killed a blink frog
  2644 | D        | Killed a blink frog
  2646 | D        | Killed a blink frog
  2797 | D        | Noticed Rupert
  2799 | D        | Killed Rupert
  2799 | D        | Reached skill level 18 in Stealth
  2802 | D        | Killed an electric eel
  2820 | D        | Noticed a death yak
  2821 | D        | Noticed a death yak
  2821 | D        | Noticed a blink frog
  2821 | D        | Noticed an azure jelly
  2821 | D        | Noticed a death yak
  2821 | D        | Noticed an azure jelly
  2821 | D        | Noticed a blink frog
  2821 | D        | Noticed a death yak
  2822 | D        | Killed a death yak
  2822 | D        | Reached skill level 10 in Short Blades
  2823 | D        | Killed a death yak
  2824 | D        | Killed a blink frog
  2825 | D        | Noticed a blink frog
  2825 | D        | Noticed a black mamba
  2826 | D        | Killed a death yak
  2826 | D        | Reached skill level 15 in Spellcasting
  2827 | D        | Noticed a black mamba
  2828 | D        | Killed a death yak
  2828 | D        | Reached skill level 19 in Stealth
  2828 | D        | Reached XP level 12. HP: 51/51 MP: 30/35
  2829 | D        | Killed a blink frog
  2830 | D        | Killed a blink frog
  2832 | D        | Killed a black mamba
  2833 | D        | Killed a black mamba
  2877 | D        | Learned a level 8 spell: Disjunction
  2983 | D        | Noticed Polyphemus
  2984 | D        | Noticed Ilsuiw
  2998 | D        | Killed Polyphemus
  2998 | D        | Reached skill level 1 in Summonings
  3066 | D        | Killed a yaktaur
  3126 | D        | Found Ceurecs's Distillery.
  3126 | D        | Noticed a sea snake
  3128 | D        | Killed a sea snake
  3130 | D        | Found Eriff's Gadget Boutique.
  3131 | D        | Found Jeijogh's Antique Armour Emporium.
  3147 | D        | Killed Ilsuiw
  3305 | D        | Noticed a merfolk javelineer
  3307 | D        | Killed a merfolk javelineer
  3319 | D        | Got a barnacled rune of Zot
  3338 | D        | Bought an embroidered robe for 14 gold pieces
  3420 | D        | Noticed an azure jelly
  3420 | D        | Noticed an azure jelly
  3421 | D        | Noticed an elephant
  3421 | D        | Noticed an elephant
  3421 | D        | Noticed a dire elephant
  3421 | D        | Noticed a dire elephant
  3421 | D        | Noticed Gastronok
  3423 | D        | Killed Gastronok
  3423 | D        | Reached skill level 20 in Stealth
  3424 | D        | Killed a dire elephant
  3426 | D        | Killed a dire elephant
  3429 | D        | Killed an elephant
  3431 | D        | Killed an elephant
  3516 | D        | Noticed an eight-headed hydra
  3516 | D        | Noticed an eight-headed hydra
  3518 | D        | Killed an eight-headed hydra
  3519 | D        | Killed an eight-headed hydra
  3530 | D        | Noticed a death drake
  3533 | D        | Killed a death drake
  3533 | D        | Reached XP level 13. HP: 55/55 MP: 34/37
  3543 | D        | Found a blossoming altar of Fedhas.
  3543 | D        | Noticed a spriggan
  3543 | D        | Noticed a spriggan druid
  3543 | D        | Noticed a spriggan
  3547 | D        | Killed a spriggan
  3550 | D        | Killed a spriggan
  3552 | D        | Killed a spriggan druid
  3766 | D        | Noticed a death drake
  3768 | D        | Killed a death drake
  3771 | D        | Noticed a death drake
  3772 | D        | Noticed a swamp dragon skeleton
  3772 | D        | Found Kiviov's Antique Armour Emporium.
  3773 | D        | Killed a death drake
  3775 | D        | Found Gayt Vune's Distillery.
  3870 | D        | Noticed an orc high priest
  3870 | D        | Noticed an orc warrior
  3870 | D        | Noticed an orc warrior
  3870 | D        | Noticed an orc warrior
  3870 | D        | Noticed an orc high priest
  3871 | D        | Noticed an orc wizard
  3871 | D        | Noticed an orc priest
  3871 | D        | Noticed an orc warrior
  3871 | D        | Noticed an orc priest
  3871 | D        | Found Mefiel's Antique Armour Shop.
  3872 | D        | Killed an orc high priest
  3872 | D        | Reached skill level 21 in Stealth
  3873 | D        | Killed an orc warrior
  3875 | D        | Killed an orc high priest
  3878 | D        | Killed an orc warrior
  3879 | D        | Killed an orc priest
  3883 | D        | Killed an orc priest
  3885 | D        | Killed an orc warrior
  3887 | D        | Killed an orc warrior
  3891 | D        | Killed an orc wizard
  4034 | D        | Noticed a deep elf priest
  4034 | D        | Noticed a deep elf conjurer
  4034 | D        | Noticed a deep elf conjurer
  4034 | D        | Noticed a deep elf priest
  4034 | D        | Noticed a deep elf knight
  4054 | D        | Killed a deep elf conjurer
  4066 | D        | Killed a deep elf knight
  4076 | D        | Killed a deep elf conjurer
  4087 | D        | Killed a deep elf priest
  4087 | D        | Reached skill level 10 in Invocations
  4087 | D        | Killed from afar by a deep elf priest

Vault maps used:
D:        dungeon_sprint_mu

Action                   |  1- 3 |  4- 6 |  7- 9 | 10-12 | 13-15 || total
-------------------------+-------+-------+-------+-------+-------++-------
Melee: Dagger            |    19 |     7 |    68 |    90 |    97 ||   281
 Cast: Ensorcelled Hiber |     3 |     2 |    23 |    40 |     1 ||    69
       Confuse           |     2 |       |       |     6 |     1 ||     9
       Dazzling Spray    |       |       |     7 |    15 |    26 ||    48
       Dispersal         |       |       |       |     1 |       ||     1
       Tukima's Dance    |       |       |       |       |     1 ||     1
Invok: Shadow Step       |       |       |       |    13 |     3 ||    16
  Use: Potion            |       |     2 |       |     1 |     3 ||     6
       Scroll            |       |     2 |       |     1 |       ||     3
 Stab: Sleeping          |     3 |     7 |    21 |    56 |     5 ||    92
       Distracted        |     1 |       |       |       |       ||     1
       Invisible         |       |       |     4 |     3 |     7 ||    14
  Eat: Royal jelly       |       |       |       |     1 |       ||     1
